cohdb
Replays
Latest Replays
All Replays
Popular Replays
Top Player Replays
Match Explorer
How It Works
Community
CoH3 Stats
Reddit
Sign in to upload your games and track your stats! →
Sign in with Steam
Match 47254519
Unlisted
Match 47254519
Overview
Messages
Build Orders
End
Construct Infanterie Kompanie
Selects Mechanized Battlegroup
Grenadier Squad
MG 42 Machine Gun Team
GrW 34 Mortar Team
GrW 34 Mortar Team
Construct Panzergrenadier Kompanie
Panzergrenadier Squad
251 Medium Carrier
Pak 40 Anti-tank Gun Team
Selects Raid Package
Construct Panzer Kompanie
Selects StuG Assault Group
Selects StuG Assault Group
Selects UNKNOWN (2160084)
Selects UNKNOWN (2160084)
StuG Assault Group
Stoßtruppen Squad
Selects Spotting Scopes
Panzer IV Medium Tank
Selects Stoßtruppen Assault Package
Selects Stoßtruppen Assault Package
Panzer Officer Quarters
Panzer IV Medium Tank
Pioneer Squad
Repair Bunker
Panzer IV Medium Tank
Selects Zeroing Artillery Barrage
Selects Mechanized Assault
Pioneer Squad
Pioneer Squad
Side Skirts
Panzer IV Medium Tank
IronDragon
HoGorGor
Stilzo
skyhawkfranky
ziru
geitje1
Karma
vice
0
0
Comments
sign in to comment!
No comments posted yet!